 Dungeon Crawl Stone Soup version 0.29-a0-330-g52719c12eb (webtiles) character file.

Game seed: 5876538471863057508

34 kae the Gusty (level 3, -1/31 HPs)
             Began as an Ogre Air Elementalist on Apr 12, 2022.
             Succumbed to Robin's poison
             ... on level 1 of the Dungeon.
             The game lasted 00:01:02 (1425 turns).

kae the Gusty (Ogre Air Elementalist)               Turns: 1425, Time: 00:01:03

Health: -1/31      AC:  3    Str: 10 (12) XL:     3   Next: 31%
Magic:  0/7        EV:  9    Int: 17 (18) God:
Gold:   75         SH:  0    Dex:  8 (9)  Spells: 1/7 levels left

rFire   + . .      SeeInvis .   (no weapon)
rCold   + . .      Faith    .   (no shield)
rNeg    . . .      Spirit   +   a - +0 robe
rPois   .          Reflect  .   (helmet restricted)
rElec   .          Harm     .   h - scarf {rC+ rF+}
rCorr   .          Rampage  .   (gloves unavailable)
Will    .....                   (boots unavailable)
Stlth   +.........              d - amulet of guardian spirit
HPRegen 0.10/turn               (no ring)
MPRegen 0.10/turn               (no ring)

@: lethally poisoned (-1 -> -12), flying, invisible
A: large, unfitting armour, tough skin 1
a: no special abilities


You were on level 1 of the Dungeon.
You visited 1 branch of the dungeon, and saw 2 of its levels.

You collected 75 gold pieces.

Inventory:

Armour
 a - a +0 robe (worn)
 h - a scarf of resistance (worn)
Jewellery
 d - an amulet of guardian spirit (around neck)
Potions
 b - a potion of magic
 c - a potion of lignification
 g - a potion of degeneration
 i - a potion of invisibility
 j - a potion of berserk rage {unknown}


   Skills:
 - Level 1.7 Dodging
 - Level 1.4 Stealth
 + Level 2.9 Spellcasting
 + Level 1.5 Conjurations
 * Level 3.3 Air Magic


You had one spell level left.
You knew the following spells:

 Your Spells              Type           Power      Damage    Failure   Level
a - Shock                 Conj/Air       40%        1d5       6%          1
b - Static Discharge      Conj/Air       10%        N/A       10%         2
c - Swiftness             Air            13%        N/A       13%         3

Your spell library contained the following spells:

 Spells                   Type           Power      Damage    Failure   Level
 Airstrike                Air            6%         N/A       41%         4


Dungeon Overview and Level Annotations

Branches:
Dungeon (2/15)

Altars:

Shops:
D:1 =

Annotations:
D:2 Robin


Innate Abilities, Weirdness & Mutations

You are too large for most types of armour.
You have tough skin. (AC +1)


Message History

You don't have enough magic to cast this spell.
A goblin comes into view. It is wielding a +0 dagger.
The goblin shouts!
There is a stone staircase leading up here.
You start resting.
Robin is nearby!
Casting: Shock (safe; 6% risk of failure)
Confirm with . or Enter, or press ? or * to list all spells.
Aiming: Shock (safe; 6% risk of failure)
Press: ? - help, Shift-Dir - straight line, f/p - Robin
Aim: Robin, wielding a +5 trident of venom, wearing a +0 animal skin and wearing a +0 helmet (severely wounded, 77% to hit)
The zap hits Robin.
Robin is almost dead.
Robin hits you from afar with a +5 trident of venom!
You are poisoned.
Casting: Shock (safe; 6% risk of failure)
Confirm with . or Enter, or press ? or * to list all spells.
You don't have enough magic to cast this spell.
You feel very sick.
Robin hits you from afar with a +5 trident of venom.
You are lethally poisoned!
You climb upwards.
* * * LOW HITPOINT WARNING * * *
You feel extremely sick.
There is a stone staircase leading down here.
There is a lethal amount of poison in your body!
There is a lethal amount of poison in your body!
It was a potion of flight.
You feel very buoyant.
You fly up into the air.
* * * LOW HITPOINT WARNING * * *
You feel very sick.
It was a potion of degeneration.
There was something very wrong with that liquid.
You feel weakened.
You feel dopey.
You feel clumsy.
* * * LOW HITPOINT WARNING * * *
You feel very sick.
It was a potion of invisibility.
You fade into invisibility!
You die...

#.[..............#
#...######
#.....>..........# #...#
#................###...#
#.................##...#
##
#......................#
##.
##..............####...#
##.. ##.....##.....##
#...# #... ###........###
#...# #... #.......@#
#...# #...
#........#############...
#..............≈.........
#......≈≈≈≈..##≈≈≈####...
#......≈≈≈≈#.≈≈≈≈≈# ##..
#......≈≈≈##'##≈≈≈## ##.
#.....≈≈≈≈#...#≈≈≈≈# ##
######≈≈≈≈#._.#≈≈≈≈#
#≈≈≈≈#...#≈≈≈≈#


There were no monsters in sight!

Vanquished Creatures
  5 endoplasms (D:1)
  2 giant cockroaches
  4 goblins
  2 hobgoblins (D:1)
  5 quokkas
  2 ball pythons
  4 bats (D:1)
  2 frilled lizards
  2 kobolds (D:1)
  3 rats (D:1)
31 creatures vanquished.

Vanquished Creatures (others)
  A plant (D:1)
1 creature vanquished.

Grand Total: 32 creatures vanquished

Notes
Turn   | Place    | Note
-------+----------+-------------------------------------------
     0 | D:1      | kae the Ogre Air Elementalist began the quest for the Orb.
     0 | D:1      | Reached XP level 1. HP: 16/16 MP: 3/3
    73 | D:1      | Reached skill level 1 in Conjurations
   229 | D:1      | Reached XP level 2. HP: 24/24 MP: 2/5
   265 | D:1      | Reached skill level 3 in Air Magic
   415 | D:1      | Found a faded altar of an unknown god.
   786 | D:1      | Reached XP level 3. HP: 31/31 MP: 5/7
   789 | D:1      | Learned a level 2 spell: Static Discharge
   807 | D:1      | Found Niesevu's Jewellery Shoppe.
   820 | D:1      | Learned a level 3 spell: Swiftness
  1402 | D:2      | Noticed Robin
  1424 | D:1      | HP: 1/31 [poisoned by Robin]
  1425 | D:1      | Succumbed to Robin's poison

Illustrated notes

Levels and vault maps discovered:
D:1:      sevenhm_arrival_forest_fort_large_4, layout_rooms,
          nicolae_ecumenical_lake_church, serial_shops, shop,
          serial_bayou_pond_d
D:2:      layout_basic, uniq_terence, uniq_robin

Skill      XL: |  1  2 |
---------------+-------+-----
Conjurations   | 1 |  1.5
Air Magic      | 3 |  3.3
Dodging        | |  1.7
Stealth        | |  1.4
Spellcasting   | |  2.9

Action                   || total
-------------------------++-------
Melee: Unarmed           ||     8
 Cast: Shock             ||    70
  Use: Scroll            ||     3
       Potion            ||     3
Armor: Robe              ||     3
Dodge: Dodged            ||     7

Table legend: (Time is in decaauts)
 A = Elapsed time spent in this place.
 B = Non-inter-level travel time spent in this place.
 C = Inter-level travel time spent in this place.
 D = Time resting spent in this place.
 E = Time spent auto-exploring this place.
 F = Levels seen in this place.
 G = Mean time per level.
                   A        B        C        D        E       F      G
               +--------+--------+--------+--------+--------+-----+--------+
         Total |   1433 |   1423 |     10 |     52 |   1186 |   2 |  716.5 |
       Dungeon |   1433 |   1423 |     10 |     52 |   1186 |   2 |  716.5 |
               +--------+--------+--------+--------+--------+-----+--------+

Top non-repeatable levels by time:
     D:1: 1133 daAuts
     D:2: 299 daAuts
